Map: Simulacrum LE

Players

Armani - Winner!

  • Race: Zerg Zerg
  • League: Grandmaster
  • Spawn Location: 5:00

Hurricane

  • Race: Protoss Protoss
  • League: Master
  • Spawn Location: 11:00

VOD

Have the link to the VOD?

Description

Time

  • Played on: Jan. 16, 2020, 5:07 a.m.
  • Length: 12:47
Show
View Real Time Build Order
Export as new Build Order

Armani Zerg - Winner!

Build Orders: Hatch First 

Get SALT Encoding   

  12  0:01  Drone  
  13  0:12  Overlord  
  13  0:17  Drone  
  14  0:30  Drone  
  14  0:31  Drone  
  16  0:48  Hatchery  
  15  0:53  Drone  
  15  0:55  Drone  
  17  1:00  Drone  
  18  1:10  Extractor  
  17  1:14  Spawning Pool  
  17  1:17  Drone  
  17  1:20  Drone  
  18  1:28  Drone  
  19  1:40  Drone  
  20  1:53  Hatchery, Drone  
  20  2:01  Queen  
  20  2:05  Drone  
  20  2:08  Drone  
  24  2:16  Queen  
  24  2:21  Overlord  
  26  2:27  Metabolic Boost  
  26  2:29  Drone  
  27  2:32  Zergling x2  
  28  2:40  Queen  
  28  2:42  Zergling x2  
  31  2:45  Drone  
  31  2:46  Drone  
  33  2:53  Zergling x4  
  33  2:56  Zergling x2  
  36  2:59  Overlord  
  36  3:06  Drone x2  
  36  3:07  Drone  
  39  3:18  Queen  
  41  3:20  Drone  
  41  3:23  Drone, Overlord  
  43  3:27  Queen  
  43  3:29  Drone  
  43  3:31  Drone  
  43  3:33  Drone  
  48  3:34  Drone  
  48  3:39  Spore Crawler  
  48  3:40  Spore Crawler  
  47  3:42  Drone  
  47  3:44  Drone  
  49  3:49  Drone  
  49  3:50  Drone x2  
  49  3:54  Drone  
  53  3:58  Roach Warren  
  53  3:59  Drone  
  53  4:01  Drone  
  54  4:04  Drone  
  54  4:05  Drone  
  54  4:07  Overlord  
  54  4:09  Drone  
  57  4:12  Drone  
  57  4:16  Lair  
  58  4:20  Extractor, Drone  
  58  4:21  Extractor  
  58  4:24  Drone, Overlord  
  58  4:30  Spore Crawler  
  57  4:31  Zergling x2  
  57  4:32  Zergling x8  
  57  4:34  Zergling x2  
  57  4:37  Drone  
  57  4:38  Drone  
  65  4:41  Drone  
  66  4:46  Roach x3  
  66  4:49  Drone  
  73  4:55  Overlord x2  
  73  5:00  Overlord  
  73  5:05  Overlord  
  72  5:10  Roach  
  72  5:11  Overlord  
  72  5:13  Overlord  
  74  5:14  Roach x2  
  74  5:15  Glial Reconstitution, Overseer  
  74  5:19  Overseer  
  77  5:21  Drone  
  77  5:23  Drone  
  77  5:25  Drone  
  77  5:26  Drone x3  
  77  5:28  Drone  
  83  5:29  Drone  
  83  5:30  Drone  
  84  5:35  Roach x2  
  84  5:36  Drone  
  84  5:37  Drone  
  84  5:39  Drone  
  87  5:45  Drone x2  
  87  5:47  Drone  
  87  5:48  Drone  
  87  5:49  Drone x2  
  92  5:52  Evolution Chamber  
  89  5:57  Roach x2  
  89  5:58  Drone  
  89  5:59  Drone  
  89  6:00  Drone, Overlord  
  89  6:02  Drone x2  
  98  6:05  Drone  
  98  6:07  Extractor, Baneling Nest  
  98  6:08  Extractor, Overlord  
  96  6:12  Drone  
  96  6:13  Extractor  
  96  6:18  Roach x2  
  100  6:21  Zerg Melee Weapons Level 1  
  100  6:23  Overlord  
  100  6:26  Hatchery, Drone  
  100  6:28  Drone  
  101  6:40  Roach  
  101  6:41  Roach x7  
  117  6:47  Overlord x2  
  117  6:49  Overlord  
  117  6:51  Overlord  
  117  6:53  Ravager x4  
  121  6:58  Overlord  
  121  6:59  Drone x5  
  121  7:01  Drone  
  127  7:02  Drone  
  128  7:09  Overlord  
  128  7:13  Drone x2  
  130  7:19  Centrifical Hooks  
  130  7:24  Roach  
  130  7:25  Roach x5  
  142  7:32  Drone  
  142  7:35  Drone  
  142  7:36  Zergling x12  
  150  7:39  Drone  
  150  7:40  Queen  
  150  7:42  Zergling x2  
  150  7:43  Drone, Pneumatized Carapace  
  155  7:50  Zergling x4  
  157  8:01  Drone x5  
  157  8:02  Overseer  
  157  8:03  Zergling x2  
  157  8:04  Zergling x10  
  168  8:07  Hatchery  
  168  8:09  Ravager x2  
  168  8:10  Ravager  
  169  8:13  Roach x2  
  169  8:17  Zerg Melee Weapons Level 2  
  159  8:27  Baneling x14  
  159  8:28  Zergling x2  
  159  8:29  Zergling x24  
  159  8:30  Queen  
  165  8:37  Zergling x2  
  165  8:38  Zergling x10  
  165  8:39  Ravager x2  
  165  8:40  Ravager x2  
  175  8:42  Infestation Pit  
  175  8:44  Extractor  
  173  8:49  Zergling x2  
  173  8:50  Zergling x4  
  173  8:51  Overlord x3  
  173  8:53  Overlord  
  176  8:57  Overlord  
  176  8:59  Overlord  
  176  9:00  Overlord  
  176  9:03  Baneling x6  
  172  9:12  Zergling x2  
  172  9:13  Zergling x28  
  187  9:19  Drone  
  174  9:43  Zergling x40  
  194  9:48  Baneling x13  
  194  9:50  Hive  
  194  9:52  Spire  
  190  9:58  Zergling x16  
  190  9:59  Baneling  
  197  10:00  Baneling x6  
  197  10:04  Queen  
  194  10:14  Zergling x12  
  194  10:19  Baneling  
  194  10:20  Baneling x14  
  171  10:46  Zergling x40  
  189  10:50  Drone  
  189  10:51  Overseer  
  189  10:55  Zergling x4  
  185  11:08  Baneling x17  
  185  11:10  Greater Spire  
  185  11:11  Corruptor x6  
  184  11:13  Zergling x14  
  184  11:17  Drone  
  197  11:18  Extractor  
  197  11:19  Hatchery, Drone  
  196  11:32  Overlord  
  196  11:36  Baneling x3  
  196  11:37  Baneling  
  196  11:45  Zergling x2  
  196  11:46  Zergling x4  
  199  11:51  Baneling x11  
  199  11:54  Baneling  
  199  11:55  Baneling x5  
  197  12:14  Zergling x10  
Show
View Real Time Build Order
Export as new Build Order

Hurricane Protoss 

Build Orders: 1 Gate Expand, Archon Immortal, Archon Drop, Dark Templar Rush 

Get SALT Encoding   

  12  0:00  Probe  
  13  0:12  Probe  
  14  0:19  Pylon  
  14  0:24  Probe  
  15  0:37  Probe (Chrono Boost)  
  15  0:38  Assimilator  
  16  0:46  Probe (Chrono Boost)  
  16  0:47  Gateway  
  17  0:51  Probe (Chrono Boost)  
  18  1:03  Probe  
  19  1:15  Probe  
  20  1:25  Nexus  
  20  1:34  Cybernetics Core  
  20  1:38  Probe  
  21  1:44  Assimilator  
  21  1:50  Probe  
  21  1:53  Pylon  
  22  2:02  Probe  
  23  2:09  Adept (Chrono Boost)  
  23  2:15  Probe  
  26  2:21  Warp Gate  
  26  2:22  Twilight Council  
  26  2:28  Probe (Chrono Boost)  
  26  2:29  Adept (Chrono Boost)  
  30  2:37  Probe (Chrono Boost)  
  31  2:45  Probe (Chrono Boost)  
  31  2:46  Probe (Chrono Boost)  
  32  2:51  Probe x2 (Chrono Boost)  
  32  2:53  Stalker  
  36  3:03  Probe  
  37  3:07  Probe  
  37  3:10  Robotics Facility  
  36  3:15  Probe  
  36  3:17  Dark Shrine  
  37  3:20  Probe  
  38  3:27  Probe  
  38  3:31  Gateway  
  38  3:32  Probe  
  40  3:39  Probe  
  41  3:44  Gateway  
  41  3:45  Gateway  
  41  3:50  Probe  
  41  3:51  Probe  
  41  3:54  Warp Prism (Chrono Boost)  
  45  4:03  Pylon  
  45  4:06  Assimilator  
  45  4:09  Assimilator  
  45  4:13  Probe  
  45  4:16  Probe  
  46  4:18  Pylon  
  46  4:23  Observer  
  47  4:25  Probe  
  48  4:35  Probe  
  48  4:36  Pylon  
  49  4:39  Probe  
  50  4:45  Dark Templar x2  
  50  4:46  Dark Templar x2  
  58  5:02  Nexus  
  58  5:05  Pylon  
  58  5:08  Pylon  
  58  5:14  Archon  
  58  5:15  Probe x2  
  58  5:16  Archon  
  58  5:18  Dark Templar x2  
  64  5:25  Zealot  
  64  5:27  Dark Templar  
  68  5:30  Probe  
  65  5:35  Archon  
  65  5:40  Nexus  
  64  5:45  Charge  
  64  5:47  Zealot  
  64  5:48  Probe x2  
  68  5:51  Forge  
  68  5:53  Immortal (Chrono Boost)  
  72  6:01  Probe x2  
  72  6:04  Sentry x2  
  77  6:14  Probe  
  77  6:17  Sentry  
  77  6:18  Sentry  
  83  6:22  Gateway  
  82  6:25  Gateway  
  82  6:26  Protoss Ground Weapons Level 1 (Chrono Boost)  
  82  6:28  Gateway  
  82  6:30  Immortal (Chrono Boost)  
  86  6:41  Gateway  
  86  6:51  Probe x2  
  86  6:53  Stalker  
  90  6:55  Dark Templar  
  90  6:56  Probe  
  93  7:02  Archon  
  93  7:05  Probe (Chrono Boost)  
  98  7:11  Probe (Chrono Boost)  
  100  7:16  Probe (Chrono Boost)  
  100  7:20  Probe (Chrono Boost)  
  101  7:23  Probe (Chrono Boost), Pylon  
  101  7:24  Pylon  
  101  7:25  Probe (Chrono Boost)  
  101  7:27  Probe  
  101  7:28  Pylon, Assimilator  
  100  7:31  Templar Archives  
  100  7:32  Assimilator  
  100  7:34  Probe  
  101  7:40  Immortal (Chrono Boost)  
  101  7:41  Probe x2  
  107  7:47  Sentry, Zealot x4  
  117  7:54  Zealot x3  
  123  7:58  Pylon  
  123  8:00  Pylon  
  123  8:14  Immortal (Chrono Boost)  
  123  8:23  Psionic Storm  
  123  8:24  Sentry  
  123  8:25  Zealot x5  
  126  8:28  Zealot x2  
  130  8:42  Probe x3  
  130  8:43  Protoss Ground Weapons Level 2  
  130  8:46  High Templar x2, Pylon  
  137  8:51  Pylon x2  
  137  8:53  High Templar x2, Pylon  
  141  9:04  Pylon  
  141  9:08  Pylon  
  141  9:09  Immortal  
  135  9:14  Zealot x4  
  135  9:36  Nexus  
  135  9:38  Photon Cannon  
  129  9:39  Shield Battery  
  129  9:40  High Templar x3  
  129  9:41  High Templar  
  129  9:42  Photon Cannon  
  129  9:45  Archon, Zealot x3  
  139  9:48  Probe  
  139  9:49  Probe  
  138  10:10  Probe x2  
  138  10:11  Probe  
  138  10:12  Zealot x5  
  138  10:13  Zealot x3  
  153  10:19  Assimilator  
  153  10:20  Assimilator  
  153  10:25  Pylon  
  125  10:43  Zealot x6  
  125  10:48  Nexus  
  125  10:50  Probe x3  
  125  10:56  Pylon  
  128  10:58  Pylon  
  128  11:02  Zealot x5  
  122  11:12  Immortal (Chrono Boost)  
  122  11:13  Probe  
  117  11:20  Archon, High Templar x3  
  117  11:22  High Templar  
  117  11:23  Sentry  
  117  11:24  High Templar x2  
  131  11:26  Zealot  
  131  11:27  Archon x2  
  131  11:28  Archon  
  131  11:30  Probe x3  
  136  11:48  High Templar x2, Photon Cannon  
  136  11:52  Archon, Immortal  
  144  11:55  High Templar  
  144  11:56  High Templar  
  146  12:07  High Templar x2, Zealot x2  
  154  12:13  Archon  
  150  12:26  Archon  
  150  12:28  Stalker x6  
  123  12:33  Probe x3  
Tags
 
Add a new tag
Caveats
  • Supply blocks, unpowered buildings, or Contaminate may cause inaccurate times.
  • Supply counts are checked every 10 seconds.